 Dungeon Crawl Stone Soup version 0.29-a0-222-g5b244fca1f (webtiles) character file.

Game seed: 9833932228691200291

28431 Crownlay the Eclecticist (level 13, -4/80 HPs)
             Began as a Gargoyle Earth Elementalist on Feb 27, 2022.
             Was a Priest of Vehumet.
             Slain by a meliai
             ... wielding a +0 war axe
              (7 damage)
             ... on level 3 of the Lair of Beasts.
             The game lasted 00:44:57 (17437 turns).

Crownlay the Eclecticist (GrEE)                    Turns: 17437, Time: 00:44:58

Health: -4/80      AC: 19    Str: 19    XL:     13   Next: 38%
Magic:  40/41      EV: 11    Int: 18    God:    Vehumet [***...]
Gold:   922        SH:  0    Dex: 10    Spells: 32/42 levels left

rFire   + . .      SeeInvis +   G - +9 arbalest (vorpal)
rCold   . . .      Faith    .   (shield currently unavailable)
rNeg    + + .      Spirit   .   O - +2 robe {rF+}
rPois   ∞          Reflect  .   o - +2 helmet
rElec   +          Harm     .   (no cloak)
rCorr   .          Rampage  .   (no gloves)
Will    .....                   y - +2 pair of boots
Stlth   ++........              (no amulet)
HPRegen 0.23/turn               t - ring of magical power
MPRegen 0.27/turn               g - ring of Suspected Treachery {rPois rN+ Str+6 Int-2 SInv}

@: no status effects
A: sickness immunity, AC +9, negative energy resistance 1, electricity
resistance, torment resistance 1, petrification resistance
a: Renounce Religion


You were on level 3 of the Lair of Beasts.
You worshipped Vehumet.
Vehumet was most pleased with you.
You visited 3 branches of the dungeon, and saw 14 of its levels.
You also visited: Bailey and Gauntlet.

You collected 1048 gold pieces.
You spent 126 gold pieces at shops.

Inventory:

Hand Weapons
 v - a +2 whip of venom
 G - a +9 vorpal arbalest (weapon)
Missiles
 a - 33 stones
Armour
 f - the +2 shield of Resistance {rF++ rC++ Will++}
   (You acquired it on level 2 of the Lair of Beasts)

   rF:        It greatly protects you from fire.
   rC:        It greatly protects you from cold.
   Will:      It greatly increases your willpower.
 o - a +2 helmet (worn)
 y - a +2 pair of boots (worn)
 O - a +2 robe of fire resistance (worn)
Jewellery
 g - the ring of Suspected Treachery (right hand) {rPois rN+ Str+6 Int-2 SInv}
   (You took it off a minotaur in a Gauntlet)

   [ring of see invisible]

   Str:       It affects your strength (+6).
   Int:       It affects your intelligence (-2).
   rPois:     It protects you from poison.
   rN:        It protects you from negative energy.
   SInv:      It lets you see invisible.
 t - a ring of magical power (left hand)
Wands
 b - a wand of polymorph (15)
 d - a wand of digging (7)
 E - a wand of flame (46)
 H - a wand of paralysis (8)
 M - a wand of iceblast (4)
 N - a wand of acid (2)
Scrolls
 c - 3 scrolls of fear
 e - 4 scrolls of amnesia
 n - 3 scrolls of enchant weapon
 s - 2 scrolls of enchant armour
 x - a scroll of fog
 D - a scroll of silence {unknown}
 R - a scroll of magic mapping
Potions
 h - a potion of invisibility
 m - 4 potions of cancellation
 p - 2 potions of curing {unknown}
 q - 2 potions of mutation {unknown}
 u - 2 potions of might {unknown}
 w - a potion of resistance
 z - 2 potions of haste
 A - 6 potions of flight
 B - a potion of ambrosia
 C - 3 potions of brilliance {unknown}
 I - 4 potions of magic {unknown}
 J - 2 potions of attraction {unknown}


   Skills:
 * Level 8.9 Fighting
 - Level 1.5 Dodging
 - Level 2.1 Stealth
 + Level 6.1 Shields
 - Level 15.0 Spellcasting
 + Level 6.2 Conjurations
 - Level 0.7 Transmutations
 - Level 12.9 Earth Magic


You had 32 spell levels left.
You knew the following spells:

 Your Spells              Type           Power      Damage    Failure   Level
a - Sandblast             Erth           100%       2d20      0%          1
b - Passwall              Tmut/Erth      31%        N/A       1%          2
c - Stone Arrow           Conj/Erth      96%        3d13      1%          3
d - Petrify               Tmut/Erth      38%        N/A       2%          4

Your spell library contained the following spells:

 Spells                   Type           Power      Damage    Failure   Level
 Sticky Flame             Conj/Fire      24%        2d5       3%          4
 Freeze                   Ice            52%        1d7       1%          1
 Hailstorm                Conj/Ice       24%        3d7       3%          4
 Summon Small Mammal      Summ           52%        N/A       4%          1
 Frozen Ramparts          Ice            26%        1d4       4%          3
 Olgreb's Toxic Radiance  Pois           13%        N/A       13%         4
 Call Canine Familiar     Summ           13%        N/A       14%         3
 Summon Guardian Golem    Hex/Summ       13%        N/A       14%         3
 Ozocubu's Refrigeration  Ice            6%         4d6       100%        7
 Ignition                 Fire           6%         3d4       100%        8


Dungeon Overview and Level Annotations

Branches:
Dungeon (10/15)            Temple (1/1) D:4            Lair (3/6) D:10
 Shoals (0/4) Lair:2       Spider (0/4) Lair:2          Orc (0/2) D:9
 Bailey (visited)         Gauntlet (visited)

Altars:
Ashenzari
Cheibriados
Dithmenos
Elyvilon
Fedhas
Gozag
Hepliaklqana
Kikubaaqudgha
Makhleb
Nemelex Xobeh
Okawaru
Qazlal
Ru
Sif Muna
Trog
Uskayaw
Vehumet
Wu Jian
Xom
Yredelemnul
Zin
The Shining One

Shops:
D:3 ?   D:9 ?

Annotations:
D:10 3 runed translucent doors, Yorgos's ghost, journeyman GrFi
Lair:1 3 runed translucent doors, Boazxuv's ghost, journeyman DsFi


Innate Abilities, Weirdness & Mutations

You are immune to sickness and miasma.
Your stone body is resilient. (AC +9)
You are immune to poison.
You resist negative energy. (rN+)
You are resistant to electric shocks. (rElec)
You are resistant to unholy torment.
You are immune to petrification.


Message History

You hear an angry hiss. x2; You hear an angry buzzing noise.
Okay, then.
Blink to where?
Press: ? - help, Dir - move target
As you read the scroll of blinking, it crumbles to dust.
The ice encasing you melts away.
The meliai invokes the aid of its god against you.
Something smites you!
* * * LOW HITPOINT WARNING * * *
A steam dragon comes into view.
You hear an angry hiss.
Okay, then.
Shoot: G) +9 arbalest (vorpal)
Press: ? - help, Shift-Dir - straight line, f - killer bee
Aim: a killer bee (45% to hit)
Casting: Sandblast (safe; 0% risk of failure)
Confirm with . or Enter, or press ? or * to list all spells.
Aiming: Passwall (safe; 1% risk of failure)
Press: ? - help, Dir - move target A rock wall.
The killer bee barely misses you.
The killer bee stings you but does no damage.
The meliai barely misses you.
The meliai stings you but does no damage.
The killer bee stings you but does no damage.
You begin to meditate on the wall.
You continue meditating on the rock.
The killer bee stings you but does no damage.
The meliai hits you but does no damage. The meliai closely misses you.
The killer bee barely misses you.
The killer bee stings you but does no damage.
The meliai invokes the aid of its god against you.
Something smites you!
* * * LOW HITPOINT WARNING * * *
The killer bee barely misses you.
You continue meditating on the rock.
The killer bee misses you. The meliai hits you with a +0 war axe.
* * * LOW HITPOINT WARNING * * *
The meliai stings you but does no damage.
The killer bee closely misses you. x2; The meliai hits you with a +0 war axe!
You die...

#.....# ##... #..#..#
##.. ###....†### #####.
##y##....#.## ##.####
#.yk)#.##...## ##...###
#...yy###.....# #.....##
#.k#..# #..!..# #.....#.
#...y.###.....###.....#.
#†....#@##....#.#)....#.
y##.#kyyy##.##†..##.#...
y.
###.yyyy###.....###...
.. #..y..# #.....# #..#
#.....# #.....# #..P
#.D...#.##...## #...
y.#.#....##.## ..#.
...###....y### ...#.
#..#..# .... .


You could see a rime drake, a steam dragon, 2 meliai and 7 killer bees.

Vanquished Creatures
  A minotaur (Gauntlet)
  A boulder beetle (Lair:3)
  2 two-headed ogres
  A necromancer (Gauntlet)
  A cyclops (D:10)
  2 merfolk sirens (Lair:2)
  2 black mambas (Lair:2)
  6 elephants (Lair:3)
  Joseph (D:8)
  5 cane toads
  2 rime drakes
  7 komodo dragons
  2 meliai (Lair:3)
  2 trolls (D:10)
  2 polar bears
  2 merfolk (Lair:2)
  A hornet (D:10)
  A raiju (Gauntlet)
  A jumping spider (Lair:2)
  2 wyverns (Lair:3)
  Sigmund (D:2)
  3 spriggans (Bailey)
  37 yaks
  Grum (D:10)
  4 basilisks
  4 redbacks (Lair:2)
  4 steam dragons
  An acid dragon (D:9)
  13 water moccasins
  3 orc warriors (D:9)
  A sky beast (D:7)
  2 black bears
  2 necrophages
  6 ogres
  11 wolves
  2 centaurs
  3 kobold brigands (D:9)
  9 bullfrogs
  3 scorpions
  20 wights
  23 killer bees
  2 howler monkeys (D:10)
  6 electric eels (D:10)
  5 orc priests
  4 hounds
  4 jellies
  A hell rat (Lair:3)
  4 iguanas
  8 orc wizards
  Robin (D:2)
  A gnoll (D:1)
  5 adders
  2 white imps
  An ufetubus (D:5)
  3 worms
  3 dart slugs
  48 orcs
  2 bats
  7 endoplasms
  4 giant cockroaches
  10 goblins
  15 hobgoblins
  2 jackals (D:3)
  13 kobolds
  3 quokkas
  A ball python (D:2)
  5 frilled lizards
  4 rats
361 creatures vanquished.

Vanquished Creatures (others)
  An orc wizard (D:9)
  5 fungi
  2 plants (Lair:3)
  4 withered plants (Gauntlet)
12 creatures vanquished.

Grand Total: 373 creatures vanquished

Notes
Turn   | Place    | Note
-------+----------+-------------------------------------------
     0 | D:1      | Crownlay the Gargoyle Earth Elementalist began the quest
                  | for the Orb.
     0 | D:1      | Reached XP level 1. HP: 10/10 MP: 3/3
    34 | D:1      | Found a faded altar of an unknown god.
    44 | D:1      | Reached XP level 2. HP: 10/15 MP: 1/5
   356 | D:1      | Reached XP level 3. HP: 12/19 MP: 7/7
   610 | D:1      | Reached skill level 3 in Spellcasting
  1333 | D:2      | Reached XP level 4. HP: 24/24 MP: 9/9
  1412 | D:2      | Noticed Robin
  1424 | D:2      | Killed Robin
  1738 | D:2      | Noticed Sigmund
  1745 | D:2      | Killed Sigmund
  1746 | D:2      | Reached skill level 4 in Spellcasting
  1746 | D:2      | Reached skill level 5 in Earth Magic
  1746 | D:2      | Reached XP level 5. HP: 24/28 MP: 4/12
  1746 | D:2      | Reached XP level 6. HP: 28/32 MP: 4/13
  2007 | D:3      | Found Wutoism's Magic Scroll Boutique.
  2871 | D:3      | Bought a scroll of teleportation for 36 gold pieces
  2871 | D:3      | Bought a scroll of magic mapping for 42 gold pieces
  2871 | D:3      | Bought a scroll of identify for 24 gold pieces
  2871 | D:3      | Bought a scroll of fog for 24 gold pieces
  3129 | D:4      | Noticed a black bear
  3136 | D:4      | Killed a black bear
  3137 | D:4      | Reached skill level 5 in Spellcasting
  3382 | D:4      | Found a staircase to the Ecumenical Temple.
  3397 | Temple   | Entered the Ecumenical Temple
  3619 | D:4      | Reached XP level 7. HP: 36/36 MP: 9/15
  3787 | D:5      | Entered Level 5 of the Dungeon
  4096 | D:5      | Reached skill level 6 in Spellcasting
  4400 | D:5      | Learned a level 2 spell: Passwall
  4404 | D:5      | Learned a level 3 spell: Stone Arrow
  4446 | D:5      | Reached XP level 8. HP: 36/41 MP: 14/18
  4524 | D:5      | Reached skill level 7 in Spellcasting
  5479 | D:6      | Reached skill level 8 in Spellcasting
  5892 | D:7      | Reached XP level 9. HP: 42/45 MP: 18/21
  6174 | D:7      | Reached skill level 9 in Spellcasting
  6612 | D:8      | Noticed Joseph
  6620 | D:8      | Killed Joseph
  6621 | D:8      | Reached skill level 10 in Spellcasting
  6833 | D:8      | Reached skill level 10 in Earth Magic
  7190 | D:8      | Reached XP level 10. HP: 50/50 MP: 20/24
  7954 | D:9      | Found Naadd's Magic Scroll Emporium.
  8013 | D:9      | Found a flagged portal.
  8024 | Bailey   | Entered a bailey
  8040 | Bailey   | Reached skill level 11 in Spellcasting
  8313 | Bailey   | Noticed a two-headed ogre
  8335 | Bailey   | Killed a two-headed ogre
  8750 | D:9      | Found a staircase to the Orcish Mines.
  8900 | D:9      | Noticed a two-headed ogre
  8911 | D:9      | Killed a two-headed ogre
  8912 | D:9      | Reached skill level 12 in Spellcasting
  9188 | D:9      | Reached XP level 11. HP: 13/54 MP: 3/27
  9945 | D:9      | Found a radiant altar of Vehumet.
  9949 | D:9      | Found a stormy altar of Qazlal.
  9955 | D:9      | Became a worshipper of Vehumet
 10149 | D:10     | Entered Level 10 of the Dungeon
 11029 | D:10     | Reached skill level 13 in Spellcasting
 11085 | D:10     | Found a blossoming altar of Fedhas.
 11107 | D:10     | Reached * piety under Vehumet
 11107 | D:10     | Offered knowledge of Shock by Vehumet.
 11192 | D:10     | Found a staircase to the Lair.
 11263 | D:10     | Noticed Grum
 11278 | D:10     | Killed Grum
 11751 | D:10     | Found an opulent altar of Gozag.
 11892 | D:10     | Found a runed translucent gate.
 11892 | D:10     | Found a runed translucent gate.
 11892 | D:10     | Found a runed translucent gate.
 11892 | D:10     | Noticed Yorgos's ghost (journeyman GrFi)
 11930 | D:10     | Noticed a cyclops
 11934 | D:10     | Killed a cyclops
 12582 | Lair:1   | Entered Level 1 of the Lair of Beasts
 12586 | Lair:1   | Reached skill level 1 in Fighting
 12619 | Lair:1   | Reached skill level 1 in Shields
 12619 | Lair:1   | Reached skill level 1 in Conjurations
 12696 | Lair:1   | Found a gate leading to a gauntlet.
 12701 | Gauntlet | Entered a Gauntlet
 12701 | Gauntlet | Found a transporter.
 12705 | Gauntlet | Noticed a necromancer
 12763 | Gauntlet | Found a transporter.
 12766 | Gauntlet | Found a transporter.
 12767 | Gauntlet | Found a transporter.
 12773 | Gauntlet | Found a runed translucent gate.
 12773 | Gauntlet | Found a runed translucent gate.
 12773 | Gauntlet | Found a runed translucent gate.
 12775 | Gauntlet | Found a transporter.
 12778 | Gauntlet | Found a transporter.
 12779 | Gauntlet | Found a transporter.
 12788 | Gauntlet | Found a transporter.
 12791 | Gauntlet | Found a transporter.
 12792 | Gauntlet | Found a transporter.
 12797 | Gauntlet | Noticed a large abomination
 12799 | Gauntlet | Noticed a large abomination
 12800 | Gauntlet | Found a transporter.
 12803 | Gauntlet | Found a transporter.
 12804 | Gauntlet | Found a transporter.
 12806 | Gauntlet | Noticed a thrashing horror
 12815 | Gauntlet | Found a transporter.
 13009 | Gauntlet | Killed a necromancer
 13009 | Gauntlet | Reached ** piety under Vehumet
 13009 | Gauntlet | Offered knowledge of Scorch by Vehumet.
 13010 | Gauntlet | Reached XP level 12. HP: 56/64 MP: 26/29
 13015 | Gauntlet | Reached skill level 14 in Spellcasting
 13321 | Gauntlet | Learned a level 4 spell: Petrify
 13331 | Gauntlet | Identified the ring of Suspected Treachery {rPois rN+ Str+6
                  | Int-2 SInv}
 13331 | Gauntlet | Noticed a minotaur
 13347 | Gauntlet | Killed a minotaur
 13606 | Lair:1   | Found a runed translucent gate.
 14154 | Lair:1   | Found a runed translucent gate.
 14155 | Lair:1   | Found a runed translucent gate.
 14157 | Lair:1   | Noticed Boazxuv's ghost (journeyman DsFi)
 14432 | Lair:2   | Reached skill level 5 in Fighting
 14750 | Lair:2   | Found a staircase to the Shoals.
 15777 | Lair:2   | Found a hole to the Spider Nest.
 16067 | Lair:2   | Offered knowledge of Ignite Poison by Vehumet.
 16279 | Lair:2   | Identified a scroll of acquirement
 16281 | Lair:2   | Acquired the +2 shield of Resistance {rF++ rC++ Will++}
 16281 | Lair:2   | Found the +2 shield of Resistance {rF++ rC++ Will++}
 16513 | Lair:3   | Noticed a boulder beetle
 16526 | Lair:3   | Killed a boulder beetle
 16527 | Lair:3   | Reached skill level 5 in Shields
 16527 | Lair:3   | Reached skill level 5 in Conjurations
 16527 | Lair:3   | Reached XP level 13. HP: 76/76 MP: 31/31
 16568 | Lair:3   | Reached skill level 15 in Spellcasting
 16615 | Lair:3   | Reached *** piety under Vehumet
 17243 | Lair:3   | Offered knowledge of Sticky Flame by Vehumet.
 17437 | Lair:3   | HP: 3/80 [meliai/+0 war axe (4)]
 17437 | Lair:3   | Slain by a meliai

Illustrated notes

Levels and vault maps discovered:
D:1:      lemuel_arrival_behind_the_door_small, layout_rooms,
          basic_ecumenical_altar
D:2:      kennysheep_big_flooded_room, layout_basic,
          nicolae_concentric_dashed_squares_wild, kennysheep_doodads,
          minmay_misc_feat_diagonals, serial_bayou_crossing, uniq_sigmund,
          uniq_robin
D:3:      layout_basic, serial_corexii_hall, corexii_hall_statues_x,
          corexii_hall_statues_u, corexii_hall_statues_l,
          corexii_hall_statues_x, serial_shops, nicolae_shop_statue_plus,
          kennysheep_small_spiral
D:4:      layout_basic, minmay_temple_entry_statues_pillars, minmay_checkerbox
D:5:      layout_loops_ring, amcnicky_mini_pool_small, sigmund_army
D:6:      layout_loops_ring, chequers_jeans
D:7:      layout_basic
D:8:      layout_loops_ring, uniq_joseph
D:9:      layout_roguey, gammafunk_temple_overflow_statue, hiddenorc2_lemuel,
          enter_bailey_6, serial_shops, nicolae_take_the_stairs,
          kennysheep_generic_room_2
D:10:     layout_stronghold, mainiacjoe_overflow_boulevard,
          grunt_gozag_breadcrumbs, erik_lair_island, serial_rivers,
          chequers_serial_rivers_micro_d, chequers_serial_rivers_micro_d,
          chequers_serial_rivers_micro_e, chequers_serial_rivers_small_b,
          gammafunk_ghost_necromancy, lightli_minifort, uniq_grum
Temple:   nicolae_temple_no_exploring_needed
Lair:1:   layout_regular_city, ebering_ghost_rock_garden,
          gauntlet_entry_generic, grunt_megastairs_5
Lair:2:   layout_hall_layers, elwin_shoals_entry_stream,
          spider_nest_entry_funnel_web, grunt_megastairs_3
Lair:3:   regret_index_combs_of_tragedy, layout_misc_corridors,
          grunt_megastairs_2, lemuel_fruit_fields

Skill      XL: |  1  2  3  4  5  6  7  8  9 10 11 12 13 |
---------------+----------------------------------------+-----
Earth Magic    | 4 5 6 7 8 10 11 12 | 12.9
Spellcasting   | 3 4 5 6 8 10 12 13 14 15 | 15.0
Fighting       | 3 7 8 |  8.9
Shields        | 2 5 6 |  6.1
Conjurations   | 2 5 6 |  6.2
Dodging        | |  1.5
Stealth        | |  2.1
Transmutations | |  0.7

Action                   |  1- 3 |  4- 6 |  7- 9 | 10-12 | 13-15 || total
-------------------------+-------+-------+-------+-------+-------++-------
Melee: Flail             |    59 |    14 |       |       |       ||    73
       Arbalest          |       |       |       |       |     2 ||     2
 Fire: Hunting sling     |       |    62 |       |       |       ||    62
       Arbalest          |       |       |   105 |   190 |    24 ||   319
 Cast: Sandblast         |    16 |    47 |    66 |   220 |    31 ||   380
       Stone Arrow       |       |       |    12 |   173 |    42 ||   227
       Passwall          |       |       |       |       |     1 ||     1
Evoke: Wand              |       |       |       |    17 |       ||    17
  Use: Potion            |       |     1 |       |     3 |       ||     4
       Scroll            |       |     4 |     1 |    27 |     5 ||    37
 Stab: Sleeping          |     5 |       |       |       |       ||     5
Armor: Robe              |    20 |    25 |    62 |   158 |    47 ||   312
Dodge: Dodged            |    42 |    28 |    85 |   175 |    37 ||   367

Table legend: (Time is in decaauts)
 A = Elapsed time spent in this place.
 B = Non-inter-level travel time spent in this place.
 C = Inter-level travel time spent in this place.
 D = Time resting spent in this place.
 E = Time spent auto-exploring this place.
 F = Levels seen in this place.
 G = Mean time per level.
                   A        B        C        D        E       F      G
               +--------+--------+--------+--------+--------+-----+--------+
         Total |  17766 |  17361 |    405 |    988 |  13249 |  16 | 1110.4 |
       Dungeon |  12178 |  11830 |    348 |    138 |  10061 |  10 | 1217.8 |
        Temple |      1 |      1 |      0 |      0 |      0 |   1 |    1.0 |
          Lair |   4123 |   4067 |     56 |    600 |   2567 |   3 | 1374.3 |
        Bailey |    655 |    655 |      0 |    135 |    255 |   1 |  655.0 |
      Gauntlet |    807 |    807 |      0 |    115 |    366 |   1 |  807.0 |
               +--------+--------+--------+--------+--------+-----+--------+

Top non-repeatable levels by time:
    D:10: 2219 daAuts
     D:9: 1950 daAuts
  Lair:2: 1940 daAuts
     D:8: 1341 daAuts
     D:6: 1139 daAuts
  Lair:3: 1135 daAuts
     D:3: 1101 daAuts
  Lair:1: 1047 daAuts
     D:2: 1042 daAuts
     D:5: 958 daAuts
     D:1: 942 daAuts
Gauntlet: 807 daAuts
     D:4: 752 daAuts
     D:7: 731 daAuts
  Bailey: 655 daAuts
